 Dungeon Crawl Stone Soup version 0.30.0-29-ga12c61a403 (webtiles) character file.

Game seed: 6672105798566970690

116 H0rd4k the Charlatan (level 5, -3/38 HPs)
             Began as a Human Artificer on June 23, 2023.
             Killed by divine providence
             ... invoked by an orc priest
              (11 damage)
             ... on level 3 of the Dungeon.
             The game lasted 00:02:13 (2326 turns).

H0rd4k the Charlatan (Human Artificer)              Turns: 2326, Time: 00:02:13

Health: -3/38      AC:  3    Str: 13    XL:     5   Next: 20%
Magic:  5/5        EV: 12    Int: 13    God:
Gold:   146        SH:  0    Dex: 13    Spells: 4/4 levels left

rFire   + . .        m - +0 rapier
rCold   . . .        (no shield)
rNeg    . . .        b - +0 leather armour
rPois   .            (no helmet)
rElec   .            (no cloak)
rCorr   +            (no gloves)
SInv    .            (no boots)
Will    .....        f - amulet of magic regeneration
Stlth   +            r - ring of resist corrosion
HPRegen 0.26/turn    h - ring of protection from fire
MPRegen 0.49/turn

%: no passive effects
@: no status effects
A: no striking features
a: no special abilities


You were on level 3 of the Dungeon.
You visited 1 branch of the dungeon, and saw 3 of its levels.

You collected 146 gold pieces.

Inventory:

Hand Weapons
 a - a +0 club
 m - a +0 rapier (weapon)
Missiles
 t - 5 poisoned darts
Armour
 b - a +0 leather armour (worn)
Jewellery
 f - an amulet of magic regeneration (around neck)
 h - a ring of protection from fire (right hand)
 r - a ring of resist corrosion (left hand)
Wands
 c - a wand of flame (10) (quivered)
 d - a wand of charming (13)
 e - a wand of iceblast (3)
Scrolls
 g - a scroll of poison {unknown}
 j - a scroll of enchant weapon {unknown}
 k - 2 scrolls of enchant armour {unknown}
 p - a scroll of teleportation {unknown}
 s - a scroll of blinking {unknown}
Potions
 i - a potion of might {unknown}
 l - 2 potions of resistance {unknown}
 n - a potion of haste {unknown}
 o - a potion of attraction {unknown}
 q - 3 potions of curing {unknown}


   Skills:
 + Level 1.7 Fighting
 + Level 2.2 Short Blades
 - Level 2.0 Armour
 + Level 2.2 Dodging
 + Level 1.3 Stealth
 + Level 3.9 Evocations


You had 4 spell levels left.
You didn't know any spells.
Your spell library contained the following spells:

 Spells                   Type           Power      Damage    Failure   Level
 Sting                    Tmut/Pois      0%         1d3       36%         1
 Poisonous Vapours        Pois/Air       0%         N/A       52%         2
 Confusing Touch          Hex            0%         N/A       75%         3
 Vhi's Electric Charge    Tloc/Air       0%         N/A       75%         3
 Anguish                  Hex/Necr       0%         N/A       98%         4
 Cause Fear               Hex            0%         N/A       98%         4
 Olgreb's Toxic Radiance  Pois           0%         N/A       98%         4
 Arcjolt                  Conj/Air       0%         1d10      100%        5
 Fireball                 Conj/Fire      0%         3d3       100%        5
 Iskenderun's Battlesphe  Conj           0%         2d6       100%        5
 Metabolic Englaciation   Hex/Ice        0%         N/A       100%        5
 Conjure Ball Lightning   Conj/Air       0%         3x3d6     100%        6
 Plasma Beam              Fire/Air       0%         2x1d11    100%        6
 Enfeeble                 Hex            0%         N/A       100%        7
 Orb of Destruction       Conj           0%         9d5       100%        7
 Shatter                  Erth           0%         3d5*      100%        9


Dungeon Overview and Level Annotations

Branches:
Dungeon (3/15)

Altars:


Message History

The kobold is moderately wounded.
The kobold barely misses you.
An adder comes into view.
There are monsters nearby!
There are monsters nearby!
Unknown command.
The bat hits you but does no damage. The bat hits you but does no damage. x2
The orc priest looks encouraged for a moment.
The bat misses you.
You completely miss the bat. The bat barely misses you. x2
You barely miss the bat. The bat misses you.
The bat hits you but does no damage.
The orc priest invokes the aid of Beogh against you.
Beogh smites you!
You hit the bat.
You kill the bat!
Aiming: Charm
Press: ? - help, Shift-Dir - straight line, f - kobold
Aim: a kobold, wielding the +7 whip "Weeko" {heavy, *Slow rN+ Will+ Stlth+} and quivering poisoned darts (moderately wounded, chance to affect: 41%)
The kobold resists with some effort.
The kobold completely misses you.
Unknown command.
The orc priest invokes the aid of Beogh against you.
Beogh smites you!
* * * LOW HITPOINT WARNING * * *
Aiming: Charm
Press: ? - help, Shift-Dir - straight line, f/p - kobold
Aim: a kobold, wielding the +7 whip "Weeko" {heavy, *Slow rN+ Will+ Stlth+} and quivering poisoned darts (moderately wounded, chance to affect: 41%)
The kobold is charmed.
The orc barely misses your kobold.
Unknown command.
What are your orders? t - Shout!
Orders for allies: a - Attack new target. p - Attack previous target. r - Retreat! s - Stop attacking. g - Guard the area. f - Follow me.
Anything else - Cancel.
Guard this area!
The orc priest calls down the wrath of Beogh upon you.
Beogh smites you!
You die...

# .. .## ##.. # .. ..
.... ## .# .. ##... #.
.## .. .## #...# ###.
S... #. ..# #.... #...
.....#. #.###...###.##
.......##
#####.##...#....#
#..###@.........#.####
#.KooK.###.##.....# ###
#..o#### #......### #..
#...### ##..#...#####># #
+......###..............
#
##...........#......####
# #....)...........#...^#
###
#....B.................
..####
###......####....##..<.#.


You could see an orc priest, 2 orcs, a kobold and a friendly kobold (charmed,
wandering).

Vanquished Creatures
  Terence (D:3)
  3 adders (D:2)
  2 dart slugs
  5 orcs (D:3)
  9 bats
  4 endoplasms
  2 giant cockroaches
  4 goblins
  6 hobgoblins
  2 kobolds (D:2)
  2 quokkas (D:2)
  6 ball pythons
  A frilled lizard (D:3)
  3 rats
50 creatures vanquished.

Notes
Turn   | Place    | Note
-------+----------+-------------------------------------------
     0 | D:1      | H0rd4k the Human Artificer began the quest for the Orb.
     0 | D:1      | Reached XP level 1. HP: 15/15 MP: 1/1
   387 | D:1      | Reached XP level 2. HP: 14/21 MP: 2/2
  1113 | D:2      | Reached XP level 3. HP: 11/26 MP: 3/3
  1456 | D:2      | Found a faded altar of an unknown god.
  1556 | D:2      | Reached skill level 1 in Short Blades
  1642 | D:2      | Reached XP level 4. HP: 23/32 MP: 4/4
  2167 | D:3      | Got Etel Cath's Folio of the Ensnaring Fault
  2208 | D:3      | Noticed Terence
  2213 | D:3      | Killed Terence
  2214 | D:3      | Reached XP level 5. HP: 38/38 MP: 5/5
  2309 | D:3      | Identified the +7 whip "Weeko" {heavy, *Slow rN+ Will+
                  | Stlth+}
  2326 | D:3      | Killed from afar by an orc priest

Illustrated notes

Levels and vault maps discovered:
D:1:      onia_arrival_pentagram, layout_basic
D:2:      layout_loops_cross, basic_ecumenical_altar
D:3:      layout_rooms, lemuel_doored_altar,
          hellmonk_okawaru_the_only_friend_you_need, uniq_terence

Skill      XL: |  1  2  3  4 |
---------------+-------------+-----
Short Blades   | 1 2 |  2.2
Dodging        | 2 |  2.2
Fighting       | |  1.7
Armour         | |  2.0
Stealth        | |  1.3
Evocations     | |  3.9

Action                     |  1- 3 |  4- 6 || total
---------------------------+-------+-------++-------
  Melee: Club              |    38 |       ||    38
         Rapier            |    76 |    89 ||   165
         Punch             |     3 |       ||     3
  Evoke: Wand              |     3 |     6 ||     9
   Stab: Sleeping          |       |     2 ||     2
 Armour: Leather armour    |    56 |    28 ||    84
  Dodge: Dodged            |    97 |    76 ||   173
